AoeStats
← danjo

Hideout

509826699Analyzed
1v1 RM · 4d ago on Sep 28, 2026· 31m 42s· 2 players
Game mode
Random Map
Map size
Tiny (2 player)
Population
200
Speed
Normal
Resources
Standard
Victory
Conquest
Starting age
Dark Age
Ending age
Imperial Age
RankedLock teamsTeams togetherTeam positionsShared explorationLock speedFull tech treeHidden civsTurbo modeCheats
Victory
Defeat
🇪🇸 Magyars · Spain
1134
+15
🇩🇪 Malians · Germany
1115
-15
danjo
10:15 Feudal Age
16:12 Castle Age
18:47 Loom
Romanido
2:10 Loom
10:02 Feudal Age
11:42 Double-Bit Axe
11:47 Horse Collar
20:50 Castle Age
19:11 Gold Mining
20:08 Scale Barding Armor
20:53 Stone Mining
21:18 Bloodlines
22:09 Wheelbarrow
26:26 Chain Barding Armor
29:17 Town Watch
29:39 Pikeman
30:45 Scale Mail Armor
31:26 Husbandry
31:44 Hand Cart
Connection lost

Rejoining the realm…

Still unreachable

The connection could not be restored.

Session expired

The server has moved on; the page needs a fresh start.